 Dungeon Sprint DCSS version 0.30.1-4-g462c640d31 (webtiles) character file.

Game seed: 10125001941088169387

24531 Heoruswealwe the Ninja (level 12, -2/70 HPs)
             Began as a Spriggan Artificer on Sept 6, 2023.
             Was an Initiate of Gozag.
             Succumbed to poison (dark miasma)
             ... in the Dungeon (Sprint I: "Red Sonja").
             The game lasted 01:35:20 (5154 turns).

Heoruswealwe the Ninja (Spriggan Artificer)         Turns: 5154, Time: 01:35:24

Health: -2/70      AC: 11    Str: 12    XL:     12   Next: 81%
Magic:  4/4        EV: 47    Int: 13    God:    Gozag
Gold:   1675       SH:  0    Dex: 22    Spells: 11/11 levels left

rFire   . . .        a - +6 dagger (antimagic)
rCold   + + +        (no shield)
rNeg    . . .        c - +4 skin of Zhor {*Englaciate rC+++ SInv}
rPois   +            g - +3 crown of Dyrovepreva {rElec Int+2 SInv}
rElec   +            h - +1 cloak of Elyvilon {Dex+2}
rCorr   .            (gloves unavailable)
SInv    +            (boots unavailable)
Will    ++...        i - amulet of the acrobat
Stlth   ++++++++++   k - ring of poison resistance
HPRegen 0.31/turn    j - +5 ring of evasion
MPRegen 0.09/turn

%: no teleportation, acrobat
@: lethally poisoned (-2 -> -30), studying Long Blades, very quick
A: very small, no large weapons, unfitting armour, see invisible, speed 3,
strong 1, wild magic 1
a: Renounce Religion, Potion Petition, Call Merchant, Bribe Branch


You were in the Dungeon.
You worshipped Gozag.
Gozag was most pleased with you.
You visited 1 branch You collected 11563 gold pieces.
You spent 8454 gold pieces at shops.
You donated 29 gold pieces to Zin.
You paid 1405 gold pieces to Gozag.

Inventory:

Hand Weapons
 a - a +6 antimagic dagger (weapon)
Armour
 c - the +4 skin of Zhor (worn) {*Englaciate rC+++ SInv}
   (You found it in the Dungeon)

   *Englaciate: It radiates cold, occasionally slowing all nearby creatures who
   are not resistant to cold.
   rC:        It renders you almost immune to cold.
   SInv:      It lets you see invisible.
 g - the +3 crown of Dyrovepreva (worn) {rElec Int+2 SInv}
   (You bought it in a shop in the Dungeon)

   Int:       It affects your intelligence (+2).
   rElec:     It insulates you from electricity.
   SInv:      It lets you see invisible.
 h - the +1 cloak of Elyvilon (worn) {Dex+2}
   (You bought it in a shop in the Dungeon)

   Dex:       It affects your dexterity (+2).
 n - the +0 acid dragon scales "Feimmuorph" {*Slow rElec rN+ rCorr Dex+2}
   (You bought it in a shop in the Dungeon)

   Dex:       It affects your dexterity (+2).
   rElec:     It insulates you from electricity.
   rN:        It protects you from negative energy.
   rCorr:     It protects you from acid and corrosion.
   *Slow:     It may slow you when you take damage.
 s - the +1 robe "Ciku" {rF+ Regen+ rCorr Int+2}
   (You found it in the Dungeon)

   Int:       It affects your intelligence (+2).
   rF:        It protects you from fire.
   Regen:     It increases your rate of health regeneration.
   rCorr:     It protects you from acid and corrosion.
Jewellery
 f - a ring of resist corrosion
 i - an amulet of the acrobat (around neck)
 j - a +5 ring of evasion (right hand)
 k - a ring of poison resistance (left hand)
Wands
 b - a wand of flame (17) (quivered)
 d - a wand of charming (8)
Scrolls
 e - 10 scrolls of identify
 l - 3 scrolls of enchant armour
 w - a scroll of brand weapon
Miscellaneous
 v - a box of beasts


   Skills:
 + Level 11.5 Fighting
 + Level 14.7 Short Blades
 * Level 24.5 Dodging
 O Level 27 Stealth
 + Level 17.7 Evocations


You had 11 spell levels left.
You didn't know any spells.
Your spell library contained the following spells:

 Spells                   Type           Power      Damage    Failure   Level
 Apportation              Tloc           0%         N/A       38%         1
 Beastly Appendage        Tmut           0%         N/A       38%         1
 Sting                    Tmut/Pois      0%         1d3       38%         1
 Scorch                   Fire           0%         2d5       52%         2
 Ignite Poison            Fire/Tmut/Pois 0%         N/A       75%         3
 Flame Wave               Conj/Fire      0%         2d4       98%         4
 Ice Form                 Ice/Tmut       0%         N/A       98%         4
 Alistair's Intoxication  Tmut/Pois      0%         N/A       100%        5
 Yara's Violent Unravell  Hex/Tmut       0%         3d3       100%        5
 Summon Cactus Giant      Summ           0%         N/A       100%        6


Dungeon Overview and Level Annotations

Branches:
Dungeon (1/1)

Altars:
Cheibriados
Dithmenos
Elyvilon
Fedhas
Gozag
Hepliaklqana
Kikubaaqudgha
Makhleb
Nemelex Xobeh
Okawaru
Qazlal
Ru
Sif Muna
Trog
Uskayaw
Vehumet
Wu Jian
Xom
Yredelemnul
Zin
The Shining One
Jiyva
Lugonu

Shops:
D *[=?*([!?((:([[(*:[:*[

Annotations:
D Lernaean hydra, Lom Lobon, Tiamat


Innate Abilities, Weirdness & Mutations

You are very small and have problems with some larger weapons.
You are too small for most types of armour.
You have supernaturally acute eyesight. (SInv)
You cover ground extremely quickly. (Speed+++)
Your muscles are strong. (Str +4, Int/Dex -1)
Your spells are a little harder to cast, but a little more powerful.


Message History

Really fly into that net trap?
You avoid being caught in a net.
Found 54 gold pieces.
You are starting to lose your buoyancy.
There is a net trap here.
Really fly into a travel-excluded area?
Found a leather armour.
You are engulfed in dark miasma.
The 27-headed Lernaean hydra is engulfed in dark miasma.
You are engulfed in dark miasma.
You see here 54 gold pieces.
You are engulfed in dark miasma.
You are poisoned.
You feel very sick.
The 27-headed Lernaean hydra is engulfed in dark miasma.
You puncture the 27-headed Lernaean hydra!
The 27-headed Lernaean hydra is moderately wounded.
You are engulfed in dark miasma.
You feel sick.
You are engulfed in dark miasma.
You feel yourself slow down.
You feel very sick.
The 27-headed Lernaean hydra is engulfed in dark miasma.
You see here 54 gold pieces.
You are engulfed in dark miasma.
You are lethally poisoned!
You feel as though you will be slow longer.
You feel extremely sick.
The 27-headed Lernaean hydra is engulfed in dark miasma.
You are engulfed in dark miasma.
You feel as though you will be slow longer.
You float gracefully downwards.
* * * LOW HITPOINT WARNING * * *
You feel extremely sick.
The 27-headed Lernaean hydra is engulfed in dark miasma.
The 27-headed Lernaean hydra seems to slow down.
Okay, then.
Okay, then.
Your magical effects are unravelling.
You feel magically purged.
You radiate an aura of cold.
The 27-headed Lernaean hydra resists.
You are engulfed in dark miasma.
* * * LOW HITPOINT WARNING * * *
You feel yourself speed up.
You die...
Your body crumbles into a pile of gold.

#°☼.###++##.##...#..≈##§§§.....##
#°.###.°###..#+###..≈#.§§§§.§...#
#°°####○°###...#.≈..##§.§....§.§#
##'#..#(°#.###.#.≈..#.§..§§§§....
##)#...°.....#.###..#.....)...§..
####.........#.#.'..##..........#
#(('......####)#.##'##..........#
#####)..###).).#°#~~~##........##
#().#####.).####@#~~~~##.[..[)##.
#.........###°.D°#~~~~~########..
.)....#####^^°$####~~~~#~~~~~#°°°
?....##..○○°°.°#..#'~~~+~~.~~°°°°
....##..°°°○○°[#...##~~#~~~~~#°~~
....#,..°°○.○.^#....######'#####○
#####*###°°○○^.#....#~~~≈≈≈≈≈≈≈##
≈≈≈≈≈≈≈d#°○°°..######*~~~~≈≈≈≈≈≈≈
#########°°°...',,*,,'...~&~~~~~#


You could see the 27-headed Lernaean hydra (slow).

Vanquished Creatures
  A golden dragon (D)
  A deep elf master archer (D)
  A shadow dragon (D)
  2 fire giants (D)
  A lorocyproca (D)
  A deep elf annihilator (D)
  A mummy priest (D)
  2 centaur warriors (D)
  A hydra (D)
  Sonja (D)
  A lindwurm (D)
  A deep troll (D)
  8 shining eyes (D)
  2 oklob plants (D)
  2 demonic crawlers (D)
  A gargoyle (D)
  7 unseen horrors (D)
  2 kobold demonologists (D)
  2 hornets (D)
  Sigmund (D)
  A slime creature (D)
  A yak (D)
  13 hogs (D)
  2 redbacks (D)
  7 floating eyes (D)
  An ogre (D)
  7 necrophages (D)
  8 jellies (D)
  Ijyb (D)
  2 ballistomycete spores (D)
82 creatures vanquished.

Vanquished Creatures (collateral kills)
  A fire giant (D)
  A demonic crawler (D)
  A hellwing (D)
3 creatures vanquished.

Vanquished Creatures (others)
  A fire giant (D)
  2 merfolk sirens (D)
  A demonic crawler (D)
  A gargoyle (D)
  3 hornets (D)
8 creatures vanquished.

Grand Total: 93 creatures vanquished

Notes
Turn   | Place    | Note
-------+----------+-------------------------------------------
     0 | D        | Heoruswealwe the Spriggan Artificer began the quest for the
                  | Orb.
     0 | D        | Reached XP level 1. HP: 9/9 MP: 2/2
     1 | D        | Noticed Ijyb
     2 | D        | Killed Ijyb
     3 | D        | Reached skill level 9 in Stealth
     3 | D        | Reached XP level 2. HP: 14/14 MP: 3/3
    12 | D        | Noticed an ogre
    15 | D        | Killed an ogre
    16 | D        | Reached skill level 14 in Stealth
    16 | D        | Reached XP level 3. HP: 17/17 MP: 1/4
    16 | D        | Reached XP level 4. HP: 21/21 MP: 1/5
    24 | D        | Noticed Sigmund
    27 | D        | Killed Sigmund
    28 | D        | Reached skill level 18 in Stealth
    28 | D        | Reached XP level 5. HP: 25/25 MP: 2/6
    28 | D        | Reached XP level 6. HP: 29/29 MP: 2/7
    39 | D        | Found an ornate altar of the Wu Jian Council.
    39 | D        | Found a shimmering blue altar of Sif Muna.
    41 | D        | Found a radiant altar of Vehumet.
    41 | D        | Identified the +9 long sword "Baet" {flame, rC+}
    46 | D        | Reached skill level 19 in Stealth
    78 | D        | Found Epsips's Jewellery Emporium.
    78 | D        | Found an ancient bone altar of Kikubaaqudgha.
    78 | D        | Found a hazy altar of Hepliaklqana.
    78 | D        | Found a stormy altar of Qazlal.
    78 | D        | Found a hide-covered altar of Uskayaw.
    78 | D        | Found a blossoming altar of Fedhas.
    78 | D        | Found a bloodstained altar of Trog.
    78 | D        | Found an iron altar of Okawaru.
    78 | D        | Found a basalt altar of Yredelemnul.
    78 | D        | Found a glowing golden altar of the Shining One.
    78 | D        | Found a snail-covered altar of Cheibriados.
    78 | D        | Found a sacrificial altar of Ru.
    78 | D        | Found a glowing silver altar of Zin.
    78 | D        | Found a shadowy altar of Dithmenos.
    78 | D        | Found a white marble altar of Elyvilon.
    78 | D        | Noticed a yak
    79 | D        | Found an opulent altar of Gozag.
    80 | D        | Killed a yak
    81 | D        | Reached skill level 21 in Stealth
    81 | D        | Found a sparkling altar of Nemelex Xobeh.
    86 | D        | Became a worshipper of Zin the Law-Giver
    86 | D        | Reached * piety under Zin
    86 | D        | Reached ** piety under Zin
    86 | D        | Reached *** piety under Zin
    86 | D        | Reached **** piety under Zin
    86 | D        | Reached ***** piety under Zin
    86 | D        | Reached ****** piety under Zin
    95 | D        | Noticed Sonja
   101 | D        | Killed Sonja
   102 | D        | Reached skill level 25 in Stealth
   102 | D        | Reached XP level 7. HP: 13/32 MP: 2/8
   102 | D        | Reached XP level 8. HP: 16/37 MP: 3/9
   119 | D        | Found Fian's General Store.
   192 | D        | Noticed a shining eye
   192 | D        | Noticed a shining eye
   192 | D        | Noticed a shining eye
   192 | D        | Noticed a shining eye
   192 | D        | Noticed a shining eye
   192 | D        | Noticed a shining eye
   195 | D        | Reached skill level 1 in Fighting
   195 | D        | Reached skill level 1 in Short Blades
   195 | D        | Noticed a shining eye
   195 | D        | Noticed a shining eye
   198 | D        | Reached skill level 5 in Evocations
   201 | D        | Paralysed by a floating eye for 2 turns
   206 | D        | Killed a shining eye
   211 | D        | Killed a shining eye
   211 | D        | Paralysed by a floating eye for 2 turns
   212 | D        | Reached skill level 5 in Short Blades
   212 | D        | Reached XP level 9. HP: 45/45 MP: 3/10
   219 | D        | Reached skill level 26 in Stealth
   255 | D        | Killed a shining eye
   292 | D        | Killed a shining eye
   293 | D        | Reached skill level 5 in Fighting
   294 | D        | Killed a shining eye
   318 | D        | Killed a shining eye
   319 | D        | Reached skill level 10 in Evocations
   345 | D        | Killed a shining eye
   346 | D        | Reached skill level 10 in Dodging
   346 | D        | Reached XP level 10. HP: 53/53 MP: 3/11
   369 | D        | Killed a shining eye
   370 | D        | Reached skill level 27 in Stealth
   400 | D        | Fell from the grace of Zin
   400 | D        | Became a worshipper of Gozag Ym Sagoz the Greedy
   433 | D        | Noticed a deep troll
   462 | D        | Killed a deep troll
   490 | D        | Found Doprulur's Armour Emporium.
   590 | D        | Found Egixti's Assorted Antiques.
   590 | D        | Found Roduher's Magic Scroll Shop.
   590 | D        | Found Menegalu's Antique Armour Emporium.
   590 | D        | Found Ywnuawer's Assorted Antiques.
   594 | D        | Bought a sedimented inky potion for 21 gold pieces
   594 | D        | Bought a scroll labelled TUVUCHU ZAEZ for 24 gold pieces
   594 | D        | Bought a scroll labelled QAEDEC KUULIDO for 24 gold pieces
   594 | D        | Bought 2 viscous orange potions for 43 gold pieces
   594 | D        | Bought a murky pink potion for 21 gold pieces
   596 | D        | Bought a runed robe for 103 gold pieces
   596 | D        | Bought a smoking cloak for 266 gold pieces
   596 | D        | Identified the +1 cloak of Elyvilon {Dex+2} (You bought it
                  | in a shop in the Dungeon)
   603 | D        | Bought a runed iron wand for 76 gold pieces
   603 | D        | Bought a viscous orange potion for 17 gold pieces
   603 | D        | Bought a grey potion for 17 gold pieces
   660 | D        | Noticed a centaur warrior
   661 | D        | Noticed a centaur warrior
   664 | D        | Killed a centaur warrior
   666 | D        | Killed a centaur warrior
   683 | D        | Noticed an oklob plant
   685 | D        | Killed an oklob plant
   753 | D        | Reached skill level 10 in Short Blades
   852 | D        | Reached XP level 11. HP: 55/60 MP: 4/12
   873 | D        | Found the +4 skin of Zhor {*Englaciate rC+++ SInv}
   888 | D        | Identified the +6 ring mail of Complete Protection {Contam
                  | rCorr Int+2}
  1001 | D        | Identified the +1 robe "Ciku" {rF+ Regen+ rCorr Int+2}
  1083 | D        | Found a burning altar of Makhleb.
  1083 | D        | Found a viscous altar of Jiyva.
  1083 | D        | Found a shimmering altar of Xom.
  1083 | D        | Found a corrupted altar of Lugonu.
  1103 | D        | Reached skill level 15 in Dodging
  1286 | D        | Found Oneteav's Antique Armour Shoppe.
  1286 | D        | Found Uqayd's Weapon Shop.
  1286 | D        | Found Ofesij's Distillery.
  1292 | D        | Found Teir's General Store.
  1292 | D        | Found Idueb's Book Emporium.
  1292 | D        | Found Nionar Lenog's Book Emporium.
  1294 | D        | Found Waxaothu's Weapon Boutique.
  1294 | D        | Found Sioj's Antique Armour Shoppe.
  1294 | D        | Found Qomasam's Antique Armour Shop.
  1294 | D        | Found Qeorru's Weapon Emporium.
  1294 | D        | Found Risch's Book Boutique.
  1294 | D        | Found Duinucao's Antique Weapon Shoppe.
  1294 | D        | Found Puomirad's Magic Scroll Shop.
  1298 | D        | Found Qaiq's Magic Scroll Emporium.
  1303 | D        | Bought a manual of Dodging for 880 gold pieces
  1320 | D        | Bought the +3 crown of Dyrovepreva {rElec Int+2 SInv} for
                  | 910 gold pieces
  1320 | D        | Found the +3 crown of Dyrovepreva {rElec Int+2 SInv}
  1339 | D        | Bought a scroll of identify for 26 gold pieces
  1339 | D        | Bought a scroll of enchant weapon for 97 gold pieces
  1339 | D        | Bought a scroll of fear for 52 gold pieces
  1339 | D        | Bought a potion of might for 52 gold pieces
  1343 | D        | Bought a transparent robe for 136 gold pieces
  1343 | D        | Identified the +1 robe of the Hidden Vale {Str+5 Dex+2}
                  | (You bought it in a shop in the Dungeon)
  1343 | D        | Bought a runed scarf for 192 gold pieces
  1347 | D        | Bought a scroll of enchant weapon for 105 gold pieces
  1347 | D        | Bought a scroll of identify for 28 gold pieces
  1347 | D        | Bought a scroll of identify for 28 gold pieces
  1635 | D        | Noticed a lindwurm
  1639 | D        | Killed a lindwurm
  1887 | D        | Bought a scroll of identify for 28 gold pieces
  1887 | D        | Bought a scroll of amnesia for 56 gold pieces
  1887 | D        | Bought a scroll of butterflies for 56 gold pieces
  1887 | D        | Bought a scroll of enchant armour for 105 gold pieces
  1887 | D        | Bought a scroll of poison for 56 gold pieces
  1888 | D        | Bought a scroll of blinking for 105 gold pieces
  1888 | D        | Bought a scroll of blinking for 105 gold pieces
  1888 | D        | Bought a scroll of enchant armour for 105 gold pieces
  1888 | D        | Bought a scroll of brand weapon for 133 gold pieces
  1888 | D        | Bought a scroll of identify for 28 gold pieces
  1888 | D        | Bought a scroll of immolation for 56 gold pieces
  1888 | D        | Bought a scroll of vulnerability for 56 gold pieces
  1889 | D        | Bought a potion of curing for 39 gold pieces
  1889 | D        | Bought a potion of brilliance for 52 gold pieces
  1889 | D        | Bought a potion of lignification for 39 gold pieces
  1889 | D        | Bought a potion of flight for 39 gold pieces
  1889 | D        | Bought a potion of mutation for 104 gold pieces
  1889 | D        | Bought a potion of mutation for 104 gold pieces
  1999 | D        | Noticed a 12-headed hydra
  2001 | D        | Killed a 12-headed hydra
  2177 | D        | Bought a potion of heal wounds for 65 gold pieces
  2177 | D        | Bought 2 potions of flight for 78 gold pieces
  2177 | D        | Bought a potion of heal wounds for 65 gold pieces
  2229 | D        | Bought a ring of poison resistance for 240 gold pieces
  2248 | D        | Bought a potion of might for 40 gold pieces
  2248 | D        | Bought a potion of heal wounds for 50 gold pieces
  2248 | D        | Bought a potion of heal wounds for 50 gold pieces
  2248 | D        | Bought a potion of degeneration for 10 gold pieces
  2248 | D        | Bought a scroll of torment for 95 gold pieces
  2272 | D        | Bought a potion of heal wounds for 120 gold pieces
  2374 | D        | Noticed a lorocyproca
  2407 | D        | Killed a lorocyproca
  2408 | D        | Reached skill level 15 in Evocations
  2754 | D        | Bought a box of beasts for 960 gold pieces
  2769 | D        | Bought a scroll of identify for 24 gold pieces
  2769 | D        | Bought a scroll of identify for 24 gold pieces
  2769 | D        | Bought a scroll of identify for 24 gold pieces
  2769 | D        | Bought a scroll of identify for 24 gold pieces
  2769 | D        | Bought a scroll of identify for 24 gold pieces
  2769 | D        | Bought 2 scrolls of identify for 48 gold pieces
  2838 | D        | Noticed a deep elf annihilator
  2838 | D        | Noticed a deep elf master archer
  2849 | D        | Killed a deep elf master archer
  2863 | D        | Reached skill level 10 in Fighting
  3078 | D        | Bought shimmering acid dragon scales for 1080 gold pieces
  3078 | D        | Identified the +0 acid dragon scales "Feimmuorph" {*Slow
                  | rElec rN+ rCorr Dex+2} (You bought it in a shop in the
                  | Dungeon)
  3340 | D        | Noticed a shadow dragon
  3340 | D        | Noticed a golden dragon
  3344 | D        | Killed a golden dragon
  3345 | D        | Reached XP level 12. HP: 68/68 MP: 4/13
  3345 | D        | Killed a shadow dragon
  3430 | D        | Found Xiaczautu's Antique Armour Shoppe.
  3452 | D        | Bought a twisted robe for 114 gold pieces
  3452 | D        | Identified the +1 robe of Spite {rC+ Dex+2} (You bought it
                  | in a shop in the Dungeon)
  3605 | D        | Bought an amulet of the acrobat for 360 gold pieces
  3605 | D        | Bought a +5 ring of evasion for 432 gold pieces
  3787 | D        | Noticed a daeva
  3829 | D        | Noticed a fire giant
  3832 | D        | Noticed a fire giant
  3836 | D        | Noticed a fire giant
  3837 | D        | Noticed a fire giant
  3845 | D        | Killed a fire giant
  3851 | D        | Killed a fire giant
  3882 | D        | Killed a fire giant
  3897 | D        | Killed a fire giant
  4006 | D        | Found the +4 dragonskin cloak
  4006 | D        | Noticed Tiamat
  4063 | D        | Got the Codex of Transition
  4321 | D        | Gained mutation: You occasionally shout uncontrollably at
                  | your foes. [potion of mutation]
  4321 | D        | Gained mutation: You are covered in fur. (AC +1) [potion of
                  | mutation]
  4322 | D        | Lost mutation: You occasionally shout uncontrollably at
                  | your foes. [potion of mutation]
  4322 | D        | Lost mutation: You are covered in fur. (AC +1) [potion of
                  | mutation]
  4322 | D        | Gained mutation: Your spells are a little harder to cast,
                  | but a little more powerful. [potion of mutation]
  4322 | D        | Gained mutation: You occasionally lose the ability to drink
                  | potions when taking damage. [potion of mutation]
  4323 | D        | Lost mutation: Your spells are a little harder to cast, but
                  | a little more powerful. [potion of mutation]
  4323 | D        | Lost mutation: You occasionally lose the ability to drink
                  | potions when taking damage. [potion of mutation]
  4323 | D        | Gained mutation: Your spells are a little harder to cast,
                  | but a little more powerful. [potion of mutation]
  4323 | D        | Gained mutation: Your muscles are strong. (Str +4, Int/Dex
                  | -1) [potion of mutation]
  4357 | D        | Noticed a mummy priest
  4416 | D        | Killed a deep elf annihilator
  4432 | D        | Bought a wand of flame (8) for 61 gold pieces
  4432 | D        | Bought a scroll of enchant weapon for 82 gold pieces
  4482 | D        | Killed a mummy priest
  4738 | D        | Noticed the 27-headed Lernaean hydra
  5113 | D        | Noticed Lom Lobon
  5154 | D        | Succumbed to poison (dark miasma)

Illustrated notes

Levels and vault maps discovered:
D:        dungeon_sprint_1 [red_sonja_temple_1, red_sonja_temple_small_1]

Skill      XL: |  1  2  3  4  5  6  7  8  9 10 11 12 |
---------------+-------------------------------------+-----
Stealth        | 9 14 18 25 26 27 | 27.0
Fighting       | 4 6 8 10 11 | 11.5
Short Blades   | 5 8 10 13 14 | 14.7
Dodging        | 7 10 14 22 24 | 24.5
Evocations     | 7 10 12 15 17 | 17.7

Action                     |  1- 3 |  4- 6 |  7- 9 | 10-12 || total
---------------------------+-------+-------+-------+-------++-------
  Melee: Dagger            |     1 |     4 |   117 |   440 ||   562
         Punch             |       |       |       |    13 ||    13
 Invoke: Recite            |       |       |     2 |       ||     2
         Call Merchant     |       |       |       |     2 ||     2
  Evoke: Wand              |     1 |     2 |       |    40 ||    43
         Box of beasts     |       |       |       |     4 ||     4
    Use: Scroll            |       |     1 |       |    17 ||    18
         Potion            |       |     1 |       |    23 ||    24
   Stab: Sleeping          |     1 |     3 |     5 |    32 ||    41
         Distracted        |       |       |       |     6 ||     6
 Armour: Robe              |       |       |       |     3 ||     3
         Animal skin       |       |       |       |    15 ||    15
         Skin              |       |       |       |     3 ||     3
  Dodge: Dodged            |       |     4 |       |   286 ||   290
